 Dungeon Crawl Stone Soup version 0.29-a0-322-g68df515428 (webtiles) character file.

Game seed: 11273361694996079397

132 zishaf the Chiller (level 5, -1/42 HPs)
             Began as a Ghoul Ice Elementalist on Apr 5, 2022.
             Slain by an orc
             ... wielding a +0 club
              (2 damage)
             ... on level 3 of the Dungeon.
             The game lasted 00:03:15 (2671 turns).

zishaf the Chiller (Ghoul Ice Elementalist)         Turns: 2671, Time: 00:03:16

Health: -1/42      AC:  3    Str: 12    XL:     5   Next: 15%
Magic:  4/7        EV: 12    Int: 12    God:
Gold:   72         SH:  0    Dex:  9    Spells: 4/8 levels left

rFire   . . .      SeeInvis .     - Unarmed
rCold   + . .      Faith    .   (no shield)
rNeg    + + +      Spirit   .   a - +0 robe
rPois   ∞          Reflect  .   l - +0 helmet
rElec   .          Harm     .   (no cloak)
rCorr   .          Rampage  .   (no gloves)
Will    .....                   (no boots)
Stlth   ++........              (no amulet)
HPRegen 0.00/turn               (no ring)
MPRegen 0.10/turn               (no ring)

@: inhibited regen
A: claws 1, cold resistance 1, negative energy resistance 3, inhibited
regeneration, torment resistance 2, devour on kill
a: no special abilities


You were on level 3 of the Dungeon.
You visited 1 branch of the dungeon, and saw 3 of its levels.

You collected 72 gold pieces.

Inventory:

Hand Weapons
 d - a +0 dagger of venom
Armour
 a - a +0 robe (worn)
 l - a +0 helmet (worn)
Jewellery
 n - an amulet of faith
Scrolls
 c - a scroll of noise {unknown}
 f - a scroll of teleportation {unknown}
 h - a scroll of summoning {unknown}
 i - a scroll of enchant armour {unknown}
 j - 4 scrolls of identify {unknown}
Potions
 b - 2 potions of magic
 e - 2 potions of heal wounds {unknown}
 g - a potion of curing {unknown}
 k - a potion of resistance {unknown}
 m - 2 potions of flight {unknown}
 o - a potion of ambrosia {unknown}


   Skills:
 + Level 2.6 Fighting
 - Level 1.7 Dodging
 - Level 2.1 Stealth
 + Level 2.6 Unarmed Combat
 - Level 2.0 Spellcasting
 + Level 5.3 Ice Magic


You had 4 spell levels left.
You knew the following spells:

 Your Spells              Type           Power      Damage    Failure   Level
a - Freeze                Ice            52%        1d7       3%          1
b - Frozen Ramparts       Ice            26%        1d4       10%         3

Your spell library contained the following spells:

 Spells                   Type           Power      Damage    Failure   Level
 Ozocubu's Armour         Ice            13%        N/A       10%         3
 Corpse Rot               Necr/Air       2%         N/A       38%         2
 Poisonous Vapours        Pois/Air       2%         N/A       38%         2
 Hailstorm                Conj/Ice       7%         3d4       67%         4


Dungeon Overview and Level Annotations

Branches:
Dungeon (2/15)

Altars:
Yredelemnul


Innate Abilities, Weirdness & Mutations

You are immune to poison.
You have sharp fingernails.
Your flesh is cold resistant. (rC+)
You are immune to negative energy. (rN+++)
You do not regenerate when monsters are visible.
You are immune to unholy pain and torment.
You thrive by killing the living.


Message History

The wall freezes the orc wizard.
The orc wizard hits you with a +2 dagger of speed.
* * * LOW HITPOINT WARNING * * *
You barely miss the orc wizard.
The orc wizard is moderately wounded.
The wall freezes the orc wizard.
The orc wizard hits you with a +2 dagger of speed.
* * * LOW HITPOINT WARNING * * *
You closely miss the orc wizard.
The orc wizard is heavily wounded.
The wall freezes the orc wizard.
The orc wizard casts a spell at you.
You are confused.
Your frozen ramparts will break if you move.
Continue? [Y]es or [N]o only, please.
Your frozen ramparts will break if you move.
Continue?
Okay, then.
The wall freezes the orc wizard.
The orc wizard closely misses you.
The wall freezes the orc wizard.
You kill the orc wizard!
You feel better.
You have reached level 5!
You feel stronger.
The wall freezes the orc.
The orc hits you with a +0 club.
* * * LOW HITPOINT WARNING * * *
The frozen ramparts melt away.
The orc hits you with a +0 club.
* * * LOW HITPOINT WARNING * * *
You scratch the orc but do no damage.
The orc is heavily wounded.
The orc hits you with a +0 club.
* * * LOW HITPOINT WARNING * * *
You scratch the orc but do no damage.
The orc is heavily wounded.
The orc hits you with a +0 club.
* * * LOW HITPOINT WARNING * * *
You scratch the orc but do no damage.
The orc is heavily wounded.
You feel less confused. The orc hits you with a +0 club.
You die...

## .# ###.# ##....
#....# # # #..#.##.###
#. #.##..#)...... #...
#....o@.# # #...
####).####.# #...
#..........#
###...#####........###
........)))......$.#
....>...#)............
........)..........###
#.#...#.###........# #
#...#.# #..........


You could see an orc.

Vanquished Creatures
  An orc priest (D:3)
  An orc wizard (D:3)
  2 adders (D:3)
  A worm (D:3)
  A dart slug (D:1)
  7 orcs (D:3)
  2 endoplasms
  A giant cockroach (D:1)
  4 goblins (D:1)
  5 hobgoblins (D:1)
  5 kobolds
  2 quokkas (D:1)
  2 ball pythons
  8 bats
  2 frilled lizards (D:1)
  4 rats
48 creatures vanquished.

Notes
Turn   | Place    | Note
-------+----------+-------------------------------------------
     0 | D:1      | zishaf the Ghoul Ice Elementalist began the quest for the
                  | Orb.
     0 | D:1      | Reached XP level 1. HP: 14/14 MP: 2/2
   461 | D:1      | Reached XP level 2. HP: 22/22 MP: 3/3
   507 | D:1      | Reached skill level 1 in Unarmed Combat
   833 | D:1      | Reached skill level 1 in Fighting
  1493 | D:1      | Reached XP level 3. HP: 24/28 MP: 5/5
  1549 | D:1      | Learned a level 3 spell: Frozen Ramparts
  1934 | D:2      | Found a basalt altar of Yredelemnul.
  2093 | D:2      | You fall into a shaft and drop 1 floor!
  2362 | D:3      | Reached XP level 4. HP: 7/36 MP: 2/6
  2363 | D:3      | Reached skill level 5 in Ice Magic
  2667 | D:3      | Reached XP level 5. HP: 10/42 MP: 3/7
  2670 | D:3      | HP: 1/42 [orc/+0 club (2)]
  2671 | D:3      | Slain by an orc

Illustrated notes

Levels and vault maps discovered:
D:1:      dpeg_arrival_snail, layout_basic
D:2:      layout_basic, basic_altar, minmay_tall_x
D:3:      layout_loops_cross

Skill      XL: |  1  2  3  4 |
---------------+-------------+-----
Spellcasting   | 2 |  2.0
Unarmed Combat | 1 2 |  2.6
Fighting       | 1 2 |  2.6
Ice Magic      | 5 |  5.3
Dodging        | |  1.7
Stealth        | |  2.1

Action                   |  1- 3 |  4- 6 || total
-------------------------+-------+-------++-------
Melee: Unarmed           |   183 |    18 ||   201
       Punch             |     2 |       ||     2
 Cast: Freeze            |     2 |       ||     2
       Frozen Ramparts   |     1 |     2 ||     3
 Stab: Sleeping          |     8 |       ||     8
Armor: Robe              |    47 |     3 ||    50
Dodge: Dodged            |   117 |     6 ||   123

Table legend: (Time is in decaauts)
 A = Elapsed time spent in this place.
 B = Non-inter-level travel time spent in this place.
 C = Inter-level travel time spent in this place.
 D = Time resting spent in this place.
 E = Time spent auto-exploring this place.
 F = Levels seen in this place.
 G = Mean time per level.
                   A        B        C        D        E       F      G
               +--------+--------+--------+--------+--------+-----+--------+
         Total |   2666 |   2601 |     65 |    272 |   1910 |   3 |  888.7 |
       Dungeon |   2666 |   2601 |     65 |    272 |   1910 |   3 |  888.7 |
               +--------+--------+--------+--------+--------+-----+--------+

Top non-repeatable levels by time:
     D:1: 1920 daAuts
     D:3: 575 daAuts
     D:2: 170 daAuts
